Indian BG is totally balanced

Match 14574089
End
Kradschützen Motorcycle Team
Selects Italian Combined Arms Battlegroup
Selects Bersaglieri Squad
Panzergrenadier Squad
Panzergrenadier Squad
Construct Light Support Kompanie
MG34 Team
Construct Mechanized Kompanie
8 Rad Armored Car
2.5-tonne Medical Truck
Selects Semovente da 75/18 Assault Gun
Selects Carro Armato M13/40 Light Tank
Carro Armato M13/40 Light Tank
Carro Armato M13/40 Light Tank
Vehicle Survival Package
Tungsten Core Ammunition
Selects Artillery Cover
Construct Panzerarmee Kommand
Carro Armato M13/40 Light Tank
Artillery Cover
Emergency Repair Kits
Selects Vehicle Support - Secure Location
Selects Vehicle Support - Force Recon
Carro Armato M13/40 Light Tank
Artillery Cover
Carro Armato M13/40 Light Tank
Carro Armato M13/40 Light Tank
Carro Armato M13/40 Light Tank
Carro Armato M13/40 Light Tank
AI Takeover
BeerGrills
Freestyler
NEP_wilson_NEP
WilllTHENOOBz
0
0

Comments sign in to comment!

No comments posted yet!